 Dungeon Crawl Stone Soup version 0.30-a0-743-gbfdf073 (webtiles) character file.

Game seed: 6927594203884258153

2190 Illumine the Fighter (level 9, -2/83 HPs)
             Began as a Minotaur Fighter on Feb 10, 2023.
             Was an Initiate of Gozag.
             Slain by a killer bee (5 damage)
             ... on level 7 of the Dungeon.
             The game lasted 00:05:42 (5506 turns).

Illumine the Fighter (Minotaur Fighter)             Turns: 5506, Time: 00:05:42

Health: -2/83      AC: 12    Str: 21 (24) XL:     9   Next: 12%
Magic:  8/8        EV:  8    Int:  3 (5)  God:    Gozag
Gold:   338        SH:  0    Dex:  8 (11) Spells: 8/8 levels left

rFire   + . .      SeeInvis .    a - +1 flail
rCold   + + .      Faith    .    (no shield)
rNeg    . . .      Spirit   .    i - +0 chain mail
rPois   +          Reflect  .    (helmet restricted)
rElec   +          Harm     .    (no cloak)
rCorr   +          Rampage  .    g - +0 pair of gloves
Will    .....                    (no boots) Stlth
                                 (no amulet)
HPRegen 0.33/turn                n - ring of protection from cold
MPRegen 0.11/turn                (no ring)

@: resistant, attractive, hasted, very quick
A: horns 2, retaliatory headbutt, screaming 1
a: Renounce Religion, Potion Petition, Call Merchant, Bribe Branch


You were on level 7 of the Dungeon.
You worshipped Gozag.
Gozag was aware of your devotion.
You visited 1 branch of the dungeon, and saw 7 of its levels.

You collected 608 gold pieces.
You spent 234 gold pieces at shops.
You paid 36 gold pieces to Gozag.

Inventory:

Hand Weapons
 a - a +1 flail (weapon)
 b - a +2 shortbow of electrocution
Missiles
 r - 2 javelins
 B - 2 silver javelins (quivered)
Armour
 c - a +0 buckler
 g - a +0 pair of gloves (worn)
 i - a +0 chain mail (worn)
 A - a +0 scale mail
Jewellery
 n - a ring of protection from cold (left hand)
Wands
 u - a wand of mindburst (13)
 z - a wand of flame (15)
 C - a wand of iceblast (9)
Scrolls
 d - a scroll of fear
 f - 3 scrolls of identify {unknown}
 k - 3 scrolls of immolation {unknown}
 q - 2 scrolls of enchant weapon
 v - a scroll of torment {unknown}
 x - a scroll of teleportation {unknown}
 y - a scroll of poison {unknown}
 D - a scroll of fog {unknown}
Potions
 e - 3 potions of lignification
 h - 5 potions of curing
 j - 4 potions of mutation
 l - a potion of haste
 p - a potion of degeneration
 s - a potion of brilliance {unknown}
 t - a potion of heal wounds {unknown}
 w - a potion of magic {unknown}


   Skills:
 + Level 9.0 Fighting
 - Level 8.0 Maces & Flails
 + Level 3.3 Ranged Weapons
 + Level 8.9 Armour
 - Level 4.0 Shields


You had 8 spell levels left.
You didn't know any spells.
Your spell library contained the following spells:

 Spells                   Type           Power      Damage    Failure   Level
 Freeze                   Ice            0%         1d3       99%         1
 Kiss of Death            Conj/Necr      0%         2d5       99%         1
 Cigotuvi's Dreadful Rot  Necr/Pois/Air  0%         N/A       100%        2
 Ensorcelled Hibernation  Hex/Ice        0%         N/A       100%        2
 Passwall                 Tmut/Erth      0%         N/A       100%        2
 Poisonous Vapours        Pois/Air       0%         N/A       100%        2
 Confusing Touch          Hex            0%         N/A       100%        3
 Frozen Ramparts          Ice            0%         1d1       100%        3
 Hailstorm                Conj/Ice       0%         3d3       100%        3
 Mephitic Cloud           Conj/Pois/Air  0%         N/A       100%        3
 Swiftness                Air            0%         N/A       100%        3
 Dispel Undead            Necr           0%         3d6       100%        4
 Borgnjor's Vile Clutch   Necr/Erth      0%         N/A       100%        5
 Death Channel            Necr           0%         N/A       100%        6
 Animate Dead             Necr           Unusable   N/A       N/A         4

Dungeon Overview and Level Annotations

Branches:
Dungeon (7/15)
 Temple: D:4-7

Altars:
Gozag
Kikubaaqudgha
Ru

Shops:
D:5 *


Innate Abilities, Weirdness & Mutations

You have a pair of horns on your head.
You reflexively headbutt those who attack you in melee.
You occasionally shout uncontrollably at your foes.


Message History

The killer bee is distracted by your dazzling golden aura.
The killer bee stings you but does no damage.
It was a potion of attraction.
You feel attractive to monsters.
The killer bee stings you but does no damage.
It was a potion of resistance.
You feel protected.
You feel less wooden.
Your +0 pair of gloves unmelds from your body.
Your +0 chain mail unmelds from your body.
The killer bee stings you.
* * * LOW HITPOINT WARNING * * *
The killer bee is no longer distracted by gold.
The killer bee closely misses you. You furiously retaliate!
You headbutt the killer bee.
The killer bee attacks as you move away!
The killer bee barely misses you. You furiously retaliate!
You headbutt the killer bee!
You kill the killer bee!
The killer bee is attracted toward you.
The killer bee attacks as you move away!
The killer bee stings you.
* * * LOW HITPOINT WARNING * * *
The killer bee stings you but does no damage.
You hit the killer bee but do no damage.
The killer bee stings you but does no damage.
The killer bee is attracted toward you.
You closely miss the killer bee. The killer bee stings you.
* * * LOW HITPOINT WARNING * * *
Okay, then.
As you read the scroll labelled CUXTUOLEXU, it crumbles to dust.
You assume a fearsome visage.
The killer bee looks frightened! x3
The killer bee resists with some effort.
It was a scroll of fear.
The killer bee barely misses you. You furiously retaliate!
You headbutt the killer bee, but do no damage.
The killer bee is attracted toward you. x2
You miss the killer bee. Your headbutt misses the killer bee.
The killer bee stings you.
You die...
Your body crumbles into a pile of gold.

#..# .# #... .# ...#
.# # ...# .# .#
#..##.# ##.###. #.#..#
....... #...## .#..#..
##y.@### ..#...#
#..#yy.## y......
.!##<####..#
..............###..y#
..........#..yy$ยง.###
........ #..y#####
#...##. ...... ##....
...... .... .......


You could see 4 killer bees.

Vanquished Creatures
  Sigmund (D:4)
  A wyvern (D:7)
  Eustachio (D:4)
  A black bear (D:4)
  An orc warrior (D:6)
  3 ogres
  2 necrophages (D:6)
  A bullfrog (D:5)
  2 scorpions
  5 killer bees
  3 orc priests
  3 jellies
  4 hounds
  Ijyb (D:4)
  Terence (D:3)
  5 iguanas
  2 orc wizards (D:5)
  Natasha (thrice) (D:4)
  3 gnolls (D:5)
  6 adders
  A shadow imp (D:5)
  3 ufetubi
  2 dart slugs
  10 orcs
  9 ball pythons
  5 endoplasms
  6 giant cockroaches
  3 goblins
  2 hobgoblins
  3 quokkas
  3 bats (D:1)
  2 frilled lizards (D:1)
  8 kobolds
  7 rats
113 creatures vanquished.

Notes
Turn   | Place    | Note
-------+----------+-------------------------------------------
     0 | D:1      | Illumine the Minotaur Fighter began the quest for the Orb.
     0 | D:1      | Reached XP level 1. HP: 19/19 MP: 0/0
   236 | D:1      | Reached XP level 2. HP: 23/27 MP: 1/1
   417 | D:1      | Found a faded altar of an unknown god.
   450 | D:1      | Reached skill level 4 in Fighting
   821 | D:2      | Reached XP level 3. HP: 33/33 MP: 2/2
  1150 | D:2      | Reached XP level 4. HP: 41/41 MP: 3/3
  1391 | D:3      | Noticed Terence
  1397 | D:3      | Killed Terence
  1699 | D:4      | Noticed a black bear
  1709 | D:4      | Killed a black bear
  1710 | D:4      | Reached skill level 5 in Fighting
  1710 | D:4      | Reached skill level 5 in Armour
  1710 | D:4      | Reached XP level 5. HP: 30/48 MP: 4/4
  1894 | D:4      | Noticed Sigmund
  1907 | D:4      | Reached XP level 6. HP: 35/56 MP: 5/5
  1911 | D:4      | Killed Sigmund
  1912 | D:4      | Reached skill level 6 in Fighting
  1912 | D:4      | Reached skill level 5 in Maces & Flails
  2154 | D:4      | Identified the +1 helmet of Tutenk {rElec}
  2198 | D:4      | Reached XP level 7. HP: 63/63 MP: 6/6
  2249 | D:4      | Found an ancient bone altar of Kikubaaqudgha.
  2250 | D:4      | Found an opulent altar of Gozag.
  2250 | D:4      | Noticed Natasha
  2287 | D:4      | Killed Natasha
  2294 | D:4      | Became a worshipper of Gozag Ym Sagoz the Greedy
  2414 | D:4      | Noticed Ijyb
  2420 | D:4      | Killed Ijyb
  2668 | D:4      | Noticed Eustachio
  2692 | D:4      | Killed Eustachio
  2887 | D:4      | Noticed Natasha
  2892 | D:4      | Killed Natasha
  2970 | D:4      | Noticed Natasha
  2976 | D:4      | Killed Natasha
  2977 | D:4      | Reached skill level 7 in Fighting
  3285 | D:4      | Found an opulent altar of Gozag.
  3285 | D:4      | Found an ancient bone altar of Kikubaaqudgha.
  3519 | D:5      | Entered Level 5 of the Dungeon
  3620 | D:5      | Reached XP level 8. HP: 72/73 MP: 7/7
  4348 | D:5      | Found Wuzof's General Store.
  4363 | D:5      | Reached skill level 8 in Fighting
  4373 | D:5      | Bought a +2 shortbow of electrocution for 234 gold pieces
  4407 | D:5      | Found a sacrificial altar of Ru.
  4864 | D:6      | Reached skill level 1 in Ranged Weapons
  5182 | D:7      | Reached XP level 9. HP: 61/82 MP: 8/8
  5480 | D:7      | HP: 6/123 [killer bee (1)]
  5486 | D:7      | HP: 2/123 [killer bee (3)]
  5491 | D:7      | Reached skill level 9 in Fighting
  5494 | D:7      | Gained mutation: You occasionally shout uncontrollably at
                  | your foes. [potion of mutation]
  5501 | D:7      | HP: 4/83 [killer bee (4)]
  5506 | D:7      | Slain by a killer bee

Illustrated notes

Levels and vault maps discovered:
D:1:      heliophobic_arrival_henge, layout_basic,
          shapermc_ecumenical_altar_mp_highgroup, patterned_corridor
D:2:      layout_basic
D:3:      layout_basic, kennysheep_generic_room_10, uniq_terence
D:4:      layout_loops_cross, mainiacjoe_overflow_divided_tiny, uniq_ijyb,
          uniq_eustachio, uniq_natasha, uniq_sigmund
D:5:      layout_rooms, kennysheep_mini_moat, serial_shops, shop,
          roderic_serpentine_path
D:6:      layout_basic
D:7:      layout_rooms, minmay_temple_entry_large_hall, minmay_quadrilaterals

Skill      XL: |  1  2  3  4  5  6  7  8  9 |
---------------+----------------------------+-----
Fighting       | 4 5 6 7 8 9 |  9.0
Armour         | 4 5 6 7 8 |  8.9
Shields        | 4 |  4.0
Maces & Flails | 3 4 5 6 8 |  8.0
Ranged Weapons | 2 3 |  3.3

Action                     |  1- 3 |  4- 6 |  7- 9 || total
---------------------------+-------+-------+-------++-------
  Melee: Flail             |   101 |    52 |   196 ||   349
         Headbutt          |     6 |    12 |    30 ||    48
         Punch             |       |       |     1 ||     1
   Fire: Shortbow          |       |       |    12 ||    12
    Use: Scroll            |       |     2 |     1 ||     3
         Potion            |       |     2 |     8 ||    10
 Armour: Scale mail        |    30 |       |       ||    30
         Chain mail        |    18 |    49 |   110 ||   177
         Skin              |       |       |    37 ||    37
  Dodge: Dodged            |    38 |    20 |    64 ||   122
  Block: Buckler           |    30 |     9 |    23 ||    62

Table legend: (Time is in decaauts)
 A = Elapsed time spent in this place.
 B = Non-inter-level travel time spent in this place.
 C = Inter-level travel time spent in this place.
 D = Time resting spent in this place.
 E = Time spent auto-exploring this place.
 F = Levels seen in this place.
 G = Mean time per level.
                   A        B        C        D        E       F      G
               +--------+--------+--------+--------+--------+-----+--------+
         Total |   5562 |   5464 |     98 |    446 |   4047 |   7 |  794.6 |
       Dungeon |   5562 |   5464 |     98 |    446 |   4047 |   7 |  794.6 |
               +--------+--------+--------+--------+--------+-----+--------+

Top non-repeatable levels by time:
     D:4: 1844 daAuts
     D:5: 1076 daAuts
     D:6: 780 daAuts
     D:1: 718 daAuts
     D:2: 620 daAuts
     D:3: 383 daAuts
     D:7: 139 daAuts
